 Dungeon Crawl Stone Soup version 0.31.0-32-g396128a36d (webtiles) character file.

Game seed: 10592210022022067401

6519 KittyFluff the Grappler (level 10, 0/100 HPs)
             Began as a Troll Shapeshifter on Mar 25, 2024.
             Was an Elder of Trog.
             Slain by an orc warlord
             ... wielding a +6 battleaxe
              (36 damage)
             ... in a bailey.
             The game lasted 00:35:32 (6562 turns).

KittyFluff the Grappler (Troll Shapeshifter)        Turns: 6562, Time: 00:35:32

Health: 0/100      AC: 15    Str: 26    XL:     10   Next: 69%
Magic:  9/9        EV: 12    Int:  6    God:    Trog [****..]
Gold:   501        SH:  0    Dex: 11    Spells: 7/9 levels left

rFire   . .          .
                       - Unarmed
rCold   . . .        (no shield)
rNeg    . . .        S - +0 steam dragon scales
rPois   .            (helmet currently unavailable)
rElec   .            (cloak currently unavailable)
rCorr   .            (gloves unavailable)
SInv    .            (boots unavailable)
Will    .....        j - amulet of regeneration
Stlth   +            Z - +4 ring of protection
HPRegen 1.96/turn    U - +4 ring of protection
MPRegen 0.11/turn

%: no passive effects
@: beast-form
A: beast (slay +4), large, unfitting armour, claws 3, regeneration 1, shaggy fur
1, tough skin 1
a: Begin Untransformation, Renounce Religion, Berserk, Trog's Hand, Brothers in
Arms


You were in a bailey.
You worshipped Trog.
Trog was greatly pleased with you.
You were a hulking beast.
You visited 1 branch of the dungeon, and saw 8 of its levels.
You also visited: Bailey.

You collected 501 gold pieces.

Inventory:

Hand Weapons
 l - a +1 short sword of flaming
 N - a +2 shortbow of freezing
Missiles
 m - 6 curare-tipped darts
 n - 42 stones (quivered)
 v - 2 boomerangs
 B - 31 poisoned darts
Armour
 Q - a +0 cloak
 S - +0 steam dragon scales (worn)
Jewellery
 c - a ring of positive energy
 j - an amulet of regeneration (around neck)
 u - a ring of willpower
 U - a +4 ring of protection (right claw)
 W - a ring of flight
 Z - a +4 ring of protection (left claw)
Talismans
 d - a flux talisman
 P - a beast talisman
Wands
 b - a wand of flame (43)
 f - a wand of paralysis (12)
 o - a wand of mindburst (10)
 G - a wand of digging (18)
 L - a wand of iceblast (7)
 R - a wand of polymorph (3)
Scrolls
 h - 3 scrolls of teleportation {unknown}
 k - a scroll of enchant armour {unknown}
 r - 4 scrolls of revelation {unknown}
 y - a scroll of summoning {unknown}
 E - 2 scrolls of brand weapon {unknown}
 F - a scroll of blinking {unknown}
 H - 2 scrolls of enchant weapon {unknown}
 M - a scroll of poison {unknown}
 O - 2 scrolls of amnesia {unknown}
 V - 4 scrolls of vulnerability {unknown}
 X - a scroll of torment {unknown}
Potions
 e - a potion of resistance
 g - 2 potions of curing {unknown}
 p - 3 potions of mutation
 t - 2 potions of haste {unknown}
 z - a potion of invisibility
 A - a potion of attraction
 C - 2 potions of enlightenment {unknown}
 D - a potion of heal wounds


   Skills:
 + Level 6.8 Fighting
 + Level 7.0 Dodging
 + Level 8.8 Unarmed Combat
 + Level 8.2 Shapeshifting


You had 7 spell levels left.
You knew the following spells:

 Your Spells              Type           Power      Damage    Failure   Level
a - Blink                 Tloc           0%         N/A       58%         2

Your spell library contained the following spells:

 Spells                   Type           Power      Damage    Failure   Level
 Call Imp                 Summ           0%         N/A       58%         2
 Lesser Beckoning         Tloc           0%         N/A       58%         2
 Momentum Strike          Conj/Tloc      0%         3d8       58%         2
 Sublimation of Blood     Necr           0%         N/A       58%         2
 Summon Hydra             Summ           0%         N/A       100%        7


Dungeon Overview and Level Annotations

Branches:
Dungeon (8/15)             Temple (0/1) D:7          Bailey (1/1)
   Lair: D:8-11

Altars:
Fedhas
Qazlal
Ru
Trog
Yredelemnul

Shops:
D:6 (


Innate Abilities, Weirdness & Mutations

You are a hulking beast.
Your limbs bulge with bestial killing power. (Slay +4)
You are too large for most types of armour.
You have claws for hands.
Your natural rate of healing is unusually fast.
You are covered in fur. (AC +1)
You have tough skin. (AC +1)


Message History

The orc warlord hits you with a +6 battleaxe!
You claw the orc warlord!
The orc warlord is moderately wounded.
The orc warlord hits you with a +6 battleaxe!!
You barely miss the orc warlord.
The orc warlord is moderately wounded.
The orc warlord hits you but does no damage.
You claw the orc warlord!
The orc warlord is heavily wounded.
You claw the orc warlord!
The orc warlord is heavily wounded.
The orc warlord closely misses you.
You mangle the orc warlord!!
The orc warlord is almost dead.
The orc warlord hits you with a +6 battleaxe.
You scratch the orc warlord but do no damage.
The orc warlord is almost dead.
The orc warlord hits you with a +6 battleaxe.
You scratch the orc warlord but do no damage.
You claw the orc warlord.
The orc warlord is almost dead.
The orc warlord hits you with a +6 battleaxe!!
You scratch the orc warlord but do no damage.
The orc warlord is almost dead.
A goblin comes into view. It is wielding a +0 hand axe.
The orc warlord hits you with a +6 battleaxe!!
* * * LOW HITPOINT WARNING * * *
The goblin shouts!
You scratch the orc warlord but do no damage.
The orc warlord is almost dead.
You claw the orc warlord!
The orc warlord is almost dead.
The orc warlord barely misses you.
You scratch the orc warlord but do no damage.
The orc warlord is almost dead.
The orc warlord closely misses you.
You scratch the orc warlord.
The orc warlord is almost dead.
The orc warlord hits you with a +6 battleaxe!!!
You die...

#.......#
##.......## ..
#.........# .o.
##.........## ..#
#.....⌠.....###'###
##.........##88.88#
#.........#.......
##......$##.......
#......hogg......
##.....##........
#######.....⌠...
##........
#........ ##.......
!!...?? #??∩!?#


You could see an orc warlord and 2 goblins.

Vanquished Creatures
  A boulder beetle (D:7)
  Maurice (D:7)
  A kobold demonologist (D:8)
  2 polar bears (D:8)
  2 yaks (D:8)
  Grum (D:8)
  An unseen horror simulacrum (D:8)
  A steam dragon (D:7)
  A water moccasin (D:7)
  2 ice beasts (D:8)
  10 orc warriors
  3 black bears
  6 wolves (D:8)
  A centaur (D:5)
  5 kobold brigands
  A gnoll sergeant (D:7)
  3 scorpions
  A bullfrog (D:8)
  A wyvern zombie (D:7)
  2 electric eels (D:8)
  A howler monkey (D:8)
  5 jellies
  3 bombardier beetles
  Crazy Yiuf (D:7)
  A hound (D:5)
  6 orc priests
  3 iguanas
  4 sleepcaps
  7 orc wizards
  A howler monkey zombie (D:7)
  A killer bee simulacrum (D:8)
  Robin (D:2)
  7 gnolls
  8 adders
  5 white imps
  A howler monkey simulacrum (D:8)
  4 ufetubi
  A ribbon worm (D:4)
  3 dart slugs (D:2)
  30 orcs
  3 endoplasms
  2 giant cockroaches
  24 goblins
  12 hobgoblins
  3 jackals (D:1)
  2 quokkas
  6 ball pythons
  8 bats
  6 frilled lizards
  28 kobolds
  4 rats
237 creatures vanquished.

Notes
Turn   | Place    | Note
-------+----------+-------------------------------------------
     0 | D:1      | KittyFluff the Troll Shapeshifter began the quest for the
                  | Orb.
     0 | D:1      | Reached XP level 1. HP: 18/18 MP: 0/0
    49 | D:1      | Reached skill level 1 in Fighting
    94 | D:1      | Reached XP level 2. HP: 27/27 MP: 1/1
   119 | D:1      | You fall into a shaft and drop 1 floor!
   321 | D:2      | Found a basalt altar of Yredelemnul.
   392 | D:2      | Reached XP level 3. HP: 33/33 MP: 2/2
  1089 | D:2      | Noticed Robin
  1108 | D:2      | Killed Robin
  1449 | D:2      | Reached XP level 4. HP: 42/42 MP: 3/3
  1692 | D:3      | Identified the +1 leather armour "Setei" {Rampage Will+
                  | rCorr Str+2}
  1813 | D:3      | Reached XP level 5. HP: 49/49 MP: 4/4
  1859 | D:3      | Learned a level 2 spell: Blink
  1902 | D:3      | Found a blossoming altar of Fedhas.
  2149 | D:4      | Noticed a black bear
  2160 | D:4      | Killed a black bear
  2161 | D:4      | Reached XP level 6. HP: 57/59 MP: 5/5
  2536 | D:4      | Identified the +0 leather armour of Omission {Str+7 Int-4}
  2620 | D:5      | Entered Level 5 of the Dungeon
  2721 | D:5      | Reached XP level 7. HP: 67/67 MP: 6/6
  2883 | D:5      | Reached skill level 5 in Unarmed Combat
  2893 | D:5      | Reached skill level 5 in Shapeshifting
  3219 | D:5      | Reached XP level 8. HP: 67/78 MP: 7/7
  3428 | D:5      | Found a bloodstained altar of Trog.
  3438 | D:5      | Became a worshipper of Trog the Wrathful
  4219 | D:6      | Found Xidohaw's Antique Weapon Shoppe.
  4375 | D:6      | Found a sacrificial altar of Ru.
  4515 | D:7      | Reached * piety under Trog
  4554 | D:7      | Noticed Maurice
  4563 | D:7      | Something stole a beast talisman
  4565 | D:7      | Something stole 58 stones
  4566 | D:7      | Something stole a +1 short sword of flaming
  4567 | D:7      | Something stole a +0 buckler
  4568 | D:7      | Something stole 354 gold
  4587 | D:7      | Killed Maurice
  4645 | D:7      | Reached skill level 5 in Dodging
  4703 | D:7      | Reached XP level 9. HP: 65/87 MP: 8/8
  4776 | D:7      | Found a stormy altar of Qazlal.
  4834 | D:7      | Found a staircase to the Ecumenical Temple.
  4915 | D:7      | Found a runed translucent door.
  4916 | D:7      | Noticed Crazy Yiuf
  4924 | D:7      | Killed Crazy Yiuf
  4981 | D:7      | Reached skill level 5 in Fighting
  5142 | D:7      | Noticed a boulder beetle
  5190 | D:7      | Killed a boulder beetle
  5494 | D:7      | Found a basalt altar of Yredelemnul.
  5690 | D:8      | Identified the +1 leather armour of Repulsion {Rampage
                  | rCorr Str-4 Int+5}
  5732 | D:8      | Noticed a kobold demonologist
  5739 | D:8      | Killed a kobold demonologist
  5784 | D:8      | Reached ** piety under Trog
  5862 | D:8      | Reached XP level 10. HP: 87/98 MP: 9/9
  5998 | D:8      | Noticed Grum
  6014 | D:8      | Killed Grum
  6037 | D:8      | Reached *** piety under Trog
  6190 | D:8      | Found a flagged portal.
  6209 | D:8      | Identified the +9 hand axe of Bloodstone {speed, rF- Str+4
                  | Dex+3}
  6213 | Bailey   | Entered a bailey
  6537 | Bailey   | Reached **** piety under Trog
  6540 | Bailey   | Noticed an orc warlord
  6562 | Bailey   | Slain by an orc warlord

Illustrated notes

Levels and vault maps discovered:
D:1:      saegor_arrival_simple_d, layout_basic
D:2:      layout_basic, basic_altar, kennysheep_generic_room_4, uniq_robin
D:3:      layout_basic, lemuel_round_altar, minmay_circle_x
D:4:      layout_rooms
D:5:      layout_cave_pods, trog_book
D:6:      layout_basic, nicolae_ru_path_of_blood, serial_shops, shop_fountains,
          minmay_misc_feat_cross, hangedman_decor_peaks_small
D:7:      layout_loops_corners, mainiacjoe_overflow_six_doors_small,
          lemuel_zombie_altar_yredelemnul, minmay_temple_entry_stoned_glass,
          billiards_dpeg, uniq_crazy_yiuf_cottage, uniq_maurice
D:8:      layout_loops_ring, elyvilon_altar_3, enter_bailey_2, serial_ice,
          serial_ice_k, serial_ice_b, serial_ice_h, serial_ice_m, serial_ice_f,
          uniq_grum, uniq_joseph
Bailey:   bailey_axe_minmay_hex_keep, bailey

Skill      XL: |  1  2  3  4  5  6  7  8  9 10 |
---------------+-------------------------------+-----
Fighting       | 1 2 3 4 5 6 |  6.8
Dodging        | 2 3 4 5 6 7 |  7.0
Unarmed Combat | 4 5 6 7 8 |  8.8
Shapeshifting  | 4 5 6 7 8 |  8.2

Action                     |  1- 3 |  4- 6 |  7- 9 | 10-12 || total
---------------------------+-------+-------+-------+-------++-------
  Melee: Unarmed           |    95 |    91 |   257 |   186 ||   629
         Punch             |     1 |     2 |     7 |    12 ||    22
  Throw: Stone             |       |     2 |    23 |    17 ||    42
    Use: Scroll            |       |     5 |     2 |       ||     7
         Potion            |       |       |     1 |       ||     1
 Armour: Animal skin       |    39 |       |       |       ||    39
         Robe              |    17 |    81 |    97 |       ||   195
         Skin              |       |       |    21 |       ||    21
         Steam dragon scal |       |       |    79 |    85 ||   164
  Dodge: Dodged            |    27 |    41 |    94 |    64 ||   226
